 Dungeon Crawl Stone Soup version 0.22-a0-283-g1871b15 (webtiles) character file.

15059 Amnesiac the Thaumaturge (level 12, -3/70 HPs)
             Began as a Tengu Air Elementalist on Mar 19, 2018.
             Was a High Priest of Sif Muna.
             Slain by Psyche
             ... wielding a +2 dagger of chaos
              (5 damage)
             ... on level 11 of the Dungeon.
             The game lasted 00:34:18 (16862 turns).

Amnesiac the Thaumaturge (Tengu Air Elementalist)  Turns: 16862, Time: 00:34:18

Health: -3/70      AC:  3    Str: 12    XL:     12   Next: 23%
Magic:  1/39       EV: 18    Int: 20    God:    Sif Muna [*****.]
Gold:   803        SH:  0    Dex: 21    Spells: 15/37 levels left

rFire    . . .     SeeInvis .   s - +1 blowgun
rCold    . . .     Gourm    .   (no shield)
rNeg     . . .     Faith    .   h - +0 robe
rPois    +         Spirit   .   (helmet restricted)
rElec    .         Reflect  .   v - +0 cloak of the Eternal Void {rPois Str+2 Dex+2}
rCorr    .         Harm     .   (no gloves)
MR       .....                  (boots unavailable)
Stlth    ++........             (no amulet)
HPRegen  0.21/turn              n - +5 ring of dexterity
MPRegen  0.26/turn              o - ring of magical power

@: about to teleport, hasted, divine energy, very quick
A: beak, talons 3, able to fly 1
a: Fly, Stop Divine Energy, Channel Magic, Forget Spell, Renounce Religion


You were on level 11 of the Dungeon.
You worshipped Sif Muna.
Sif Muna was extremely pleased with you.
You were hungry.

You visited 2 branches of the dungeon, and saw 12 of its levels.
You also visited: Bailey.

You collected 803 gold pieces.

Inventory:

Hand Weapons
 e - a +0 falchion
 s - a +1 blowgun (weapon)
 w - a +1 dagger of distortion
Missiles
 t - 35 poisoned needles (quivered)
Armour
 h - a +0 robe (worn)
 v - the +0 cloak of the Eternal Void (worn) {rPois Str+2 Dex+2}
   (You found it on level 6 of the Dungeon)

   It affects your strength (+2).
   It affects your dexterity (+2).
   It protects you from poison.
Magical Staves
 u - a cursed staff of earth {unknown}
Jewellery
 n - a +5 ring of dexterity (left hand)
 o - a ring of magical power (right hand)
 C - an uncursed ring of protection from cold
Wands
 a - a wand of scattershot (5)
 l - a wand of digging (5)
 y - a wand of paralysis (10)
 z - a wand of flame (22)
Scrolls
 b - 5 scrolls of remove curse {!r}
 f - 2 scrolls of enchant armour {!r}
 g - 2 scrolls of teleportation {!r}
 m - a scroll of amnesia {!r}
 p - a scroll of blinking {!r}
 D - 2 scrolls of identify {!r}
Potions
 i - 2 potions of might {!q}
 j - a potion of haste {!q}
 k - 5 potions of brilliance {!q}
 q - 2 potions of experience {!q, unknown}
 x - 3 potions of curing {!q}
 A - a potion of flight {!q}
 B - 3 potions of resistance {!q, unknown}
Comestibles
 c - 16 rations


   Skills:
 - Level 6.1 Fighting
 - Level 6.7 Dodging
 - Level 2.0 Stealth
 * Level 13.1 Spellcasting
 - Level 1.3 Conjurations
 + Level 13.1 Air Magic


You had 15 spell levels left.
You knew the following spells:

 Your Spells              Type           Power        Failure   Level  Hunger
a - Airstrike             Air            ######....   1%          4    None
b - Static Discharge      Conj/Air       #####...     1%          3    None
c - Swiftness             Chrm/Air       #####...     1%          2    None
d - Lightning Bolt        Conj/Air       #####.....   7%          5    ####...
e - Mephitic Cloud        Conj/Pois/Air  ####....     1%          3    None
s - Conjure Flame         Conj/Fire      ###.....     12%         3    None
v - Blink                 Tloc           N/A          8%          2    None


Dungeon Overview and Level Annotations

Branches:
Dungeon (11/15)            Temple (1/1) D:7            Lair (0/6) D:9
    Orc: D:9-12

Altars:
Ashenzari
Cheibriados
Dithmenos
Elyvilon
Fedhas
Gozag
Hepliaklqana
Kikubaaqudgha
Makhleb
Nemelex Xobeh
Okawaru
Qazlal
Ru
Sif Muna
Trog
Uskayaw
Vehumet
Wu Jian
Xom
Yredelemnul
Zin
The Shining One

Annotations:
D:11 Psyche


Innate Abilities, Weirdness & Mutations

You have a beak for a mouth.
You have claws for feet.
You can fly.


Message History

Psyche seems to speed up.
Something completely misses you. Psyche gestures at you while chanting.
The puff of frost hits you!
You hear a shout! x2
An orc warrior comes into view. It is wielding a trident.
You hear a shout!
Something hits you! Something hits you.
* * * LOW HITPOINT WARNING * * *
There is an open door, spattered with blood here.
Something hits you.
* * * LOW HITPOINT WARNING * * *
Something barely misses you.
Something is blocking the doorway!
Something hits you.
* * * LOW HITPOINT WARNING * * *
Something closely misses you. Psyche casts a spell at you.
The magic dart hits something.
Something hits you!
* * * LOW HITPOINT WARNING * * *
Something is blocking the doorway!
Something hits you.
* * * LOW HITPOINT WARNING * * *
Something hits you!
* * * LOW HITPOINT WARNING * * *
Psyche gestures at you while chanting. The puff of flame misses you.
Really quaff
r - a potion of heal wounds {!q}?
You feel much better. Something hits you!
* * * LOW HITPOINT WARNING * * *
Okay, then.
Really read
g - 3 scrolls of teleportation {!r}?
As you read the scroll of teleportation {!r}, it crumbles to dust.
You feel strangely unstable. Something hits you!
* * * LOW HITPOINT WARNING * * *
Psyche looks encouraged for a moment.
Casting: Airstrike (safe; 1% risk of failure)
Confirm with . or Enter, or press ? or * to list all spells.
Aiming: Airstrike (safe; 1% risk of failure)
Press: ? - help, Dir - move target cursor, f/p - Psyche
Aim: Psyche, wielding a dagger of chaos and wearing a glowing robe (lightly wounded, fast)
The air twists around and strikes Psyche!
Psyche is moderately wounded.
Sif Muna grants you divine energy.
You briefly lose access to your magic!
Something barely misses you. Psyche hits you with a dagger of chaos.
* * * LOW HITPOINT WARNING * * *
Something hits you but does no damage. Psyche hits you but does no damage.
You feel yourself speed up.
Psyche looks encouraged for a moment.
Really quaff
x - 5 potions of curing {!q}?
You feel better. Something hits you.
* * * LOW HITPOINT WARNING * * *
Psyche looks encouraged for a moment.
Something hits you.
* * * LOW HITPOINT WARNING * * *
Really quaff
x - 4 potions of curing {!q}?
You feel better.
You regain access to your magic.
Something hits you.
* * * LOW HITPOINT WARNING * * *
Something hits you.
* * * LOW HITPOINT WARNING * * *
Psyche hits you with a dagger of chaos!
* * * LOW HITPOINT WARNING * * *
Psyche burns you.
You die...

. #### .# #...#.#
#...#o###################
#...#.#....'.##'##......#
#...+.#....#.#...#......#
#...#)#..@.#.#...#......##
#...#@#.@{.#.'...#........
#...'.#....#.#...#........
..#####.o....#.#...#........
...)...(#....#.#...#........
.).)....######.#...#.....###
.).............#####.....#
[###########.............#
###########...#


You could see Psyche and an orc warrior.

Vanquished Creatures
  An orc warlord (Bailey)
  3 two-headed ogres
  The ghost of Amnesiac the Reanimator, a journeyman DEWz of Sif Muna (D:9)
  2 skeletal warriors (D:10)
  An unseen horror (D:10)
  An orc knight (Bailey)
  The ghost of grindst0ne the Ducker, a novice KoBe of Trog (D:4)
  A tengu conjurer (D:10)
  2 trolls
  8 yaks (D:9)
  2 wyverns
  A basilisk (D:9)
  2 hungry ghosts (D:7)
  Menkaure (D:6)
  Duvessa (D:5)
  4 porcupines (D:9)
  A water moccasin (D:11)
  3 black bears
  14 orc warriors
  2 eyes of draining (D:7)
  3 phantoms
  2 centaurs
  3 ogres
  4 wolves (D:9)
  The ghost of Phong the Shield-Bearer, an amateur OpFi (D:3)
  2 crocodiles (D:9)
  2 big kobolds
  6 bullfrogs
  Dowan (D:6)
  2 scorpions (D:9)
  5 killer bees (D:7)
  6 wights
  2 howler monkeys
  2 centaur zombies
  4 crimson imps
  3 jellies
  4 hounds
  8 orc priests
  2 bullfrog skeletons
  An iguana (D:4)
  8 orc wizards
  6 worker ants
  A killer bee zombie (D:8)
  2 hound zombies
  2 hound skeletons (D:6)
  14 gnolls
  12 adders
  8 shadow imps
  An ooze (D:5)
  3 adder skeletons
  A worm (D:3)
  4 leopard geckos
  39 orcs
  A ball python (D:1)
  6 giant cockroaches
  25 goblins
  25 hobgoblins
  4 jackals (D:4)
  18 kobolds
  5 quokkas
  5 bats
  3 frilled lizards
  A jackal skeleton (D:4)
  A leopard gecko skeleton (D:4)
  7 rats
317 creatures vanquished.

Vanquished Creatures (others)
  2 plants (D:9)
  A withered plant (D:6)
3 creatures vanquished.

Grand Total: 320 creatures vanquished

Notes
Turn   | Place    | Note
-------+----------+-------------------------------------------
     0 | D:1      | Amnesiac the Tengu Air Elementalist began the quest for the Orb.
     0 | D:1      | Reached XP level 1. HP: 10/10 MP: 4/4
   103 | D:1      | Reached XP level 2. HP: 16/16 MP: 3/6
   717 | D:2      | Found a radiant altar of Vehumet.
   768 | D:2      | Reached skill level 1 in Fighting
   782 | D:2      | Reached XP level 3. HP: 20/20 MP: 1/7
   854 | D:2      | Reached skill level 5 in Air Magic
  1595 | D:3      | Reached XP level 4. HP: 22/25 MP: 0/8
  1682 | D:3      | Noticed Phong's ghost (amateur OpFi)
  1685 | D:3      | Learned a level 4 spell: Airstrike
  2329 | D:3      | Killed Phong's ghost
  2329 | D:3      | Gained mutation: You can fly. [Tengu growth]
  2329 | D:3      | Reached XP level 5. HP: 16/30 MP: 1/10
  2606 | D:3      | Found a glowing silver altar of Zin.
  2606 | D:3      | Found a stormy altar of Qazlal.
  3206 | D:4      | Noticed a phantom
  3221 | D:4      | Killed a phantom
  3221 | D:4      | Reached XP level 6. HP: 13/35 MP: 0/12
  3344 | D:4      | Found a transporter.
  3843 | D:4      | HP: 1/35 [worker ant (5)]
  3852 | D:4      | Reached XP level 7. HP: 32/40 MP: 4/14
  4405 | D:4      | Found a blossoming altar of Fedhas.
  4409 | D:4      | Found a hazy altar of Hepliaklqana.
  4582 | D:4      | Found a transporter.
  4682 | D:4      | Found a hide-covered altar of Uskayaw.
  4682 | D:4      | Noticed a dagger
  4683 | D:4      | Noticed a hand axe
  4701 | D:4      | Noticed grindst0ne's ghost (novice KoBe)
  4798 | D:4      | Killed grindst0ne's ghost
  4798 | D:4      | Reached skill level 5 in Spellcasting
  4798 | D:4      | Reached XP level 8. HP: 33/47 MP: 0/17
  5586 | D:5      | Entered Level 5 of the Dungeon
  5617 | D:5      | Found a snail-covered altar of Cheibriados.
  5639 | D:5      | Got a smelly plate armour
  5813 | D:5      | Identified the +8 plate armour of the Everdark {Str-5 Int+3 SInv} (You found it on level 5 of the Dungeon)
  6491 | D:5      | Found a sparkling altar of Nemelex Xobeh.
  6653 | D:6      | Noticed Menkaure
  6657 | D:6      | Killed Menkaure
  6657 | D:6      | Reached skill level 5 in Dodging
  6758 | D:6      | Found an opulent altar of Gozag.
  7202 | D:6      | Reached skill level 5 in Fighting
  7215 | D:6      | Reached XP level 9. HP: 54/54 MP: 0/19
  7503 | D:6      | Noticed Dowan
  7524 | D:6      | Killed Dowan
  7612 | D:6      | Learned a level 2 spell: Swiftness
  7732 | D:6      | Noticed Duvessa
  7809 | D:5      | Killed Duvessa
  8082 | D:6      | Found an iron altar of Okawaru.
  8417 | D:6      | Got a faintly humming cloak
  8481 | D:6      | Identified the cursed +0 cloak of the Eternal Void {rPois Str+2 Dex+2} (You found it on level 6 of the Dungeon)
  8762 | D:7      | Found a bloodstained altar of Trog.
  8905 | D:7      | Got an encrusted chain mail
  8917 | D:7      | Identified the +7 chain mail of the Comet {*Slow rElec Regen+} (You found it on level 7 of the Dungeon)
  8974 | D:7      | Found a staircase to the Ecumenical Temple.
  9027 | Temple   | Entered the Ecumenical Temple
  9053 | Temple   | Became a worshipper of Sif Muna the Loreminder
  9773 | D:7      | Reached * piety under Sif Muna
  9806 | D:7      | Reached XP level 10. HP: 60/60 MP: 10/23
 10519 | D:9      | Noticed a two-headed ogre
 10542 | D:9      | Reached ** piety under Sif Muna
 10550 | D:9      | Noticed a two-headed ogre
 10563 | D:9      | Found a flagged portal.
 10580 | Bailey   | Entered a bailey
 10883 | Bailey   | Learned a level 3 spell: Mephitic Cloud
 10886 | Bailey   | Learned a level 2 spell: Blink
 10890 | Bailey   | Learned a level 3 spell: Static Discharge
 10894 | Bailey   | Learned a level 3 spell: Conjure Flame
 10900 | Bailey   | Learned a level 5 spell: Lightning Bolt
 11958 | Bailey   | Noticed an orc warlord
 12011 | Bailey   | Noticed an orc knight
 12066 | Bailey   | Reached skill level 10 in Spellcasting
 12066 | Bailey   | Reached skill level 10 in Air Magic
 12150 | Bailey   | HP: 3/60 [orc knight/war axe (14)]
 12315 | Bailey   | Killed an orc knight
 12315 | Bailey   | Reached *** piety under Sif Muna
 12652 | Bailey   | Killed an orc warlord
 12652 | Bailey   | Reached XP level 11. HP: 50/64 MP: 0/27
 12920 | D:9      | Noticed Amnesiac's ghost (journeyman DEWz)
 12925 | D:9      | Killed Amnesiac's ghost
 12991 | D:9      | Reached **** piety under Sif Muna
 13635 | D:9      | Found a staircase to the Lair.
 13660 | D:9      | Killed a two-headed ogre
 14466 | D:9      | Killed a two-headed ogre
 14792 | D:10     | Entered Level 10 of the Dungeon
 15035 | D:10     | Killed an unseen horror
 15035 | D:10     | Reached ***** piety under Sif Muna
 15314 | D:10     | Noticed a two-headed ogre
 15320 | D:10     | Killed a two-headed ogre
 15368 | D:10     | Reached XP level 12. HP: 23/70 MP: 0/29
 15411 | D:10     | Received a gift from Sif Muna
 16847 | D:11     | Noticed Psyche
 16862 | D:11     | HP: 2/70 [Psyche/dagger of chaos (9)]
 16862 | D:11     | Slain by Psyche

Vault maps used:
D:1:      zelgadis_glass_arrival_small
D:2:      lemuel_crystal_altar
D:3:      amethyst_overflow_temple_binary, first_ration
D:4:      gammafunk_wand_slinger, dancing_weapons_uskayaw,
          grunt_temple_overflow_open
D:5:      lemuel_ice_spiral_2, overflow_temple_1_default,
          nemelex_dance_club_becter
D:6:      kennysheep_six_static_rooms, okawaru_gym_becter, lemuel_doored_altar,
          serial_undead, serial_undead_e, serial_undead_a, serial_undead_c,
          serial_undead_b, serial_undead_f, small_statue_alley_b, uniq_menkaure,
          uniq_duvessa
D:7:      trog_eyes_of_draining, minmay_temple_entry_glassed_door,
          grunt_decor_arrowhead
D:9:      minmay_lair_entry_grove, enter_bailey_2
D:10:     grunt_tengu_nest
D:11:     david_orc_4, lightli_corner_chamber, uniq_psyche
Temple:   minmay_temple_bridge_abc
Bailey:   bailey_axe_minmay_hex_keep, bailey

Skill      XL: |  1  2  3  4  5  6  7  8  9 10 11 12 |
---------------+-------------------------------------+-----
Fighting       | 1 2 3 5 6 |  6.1
Air Magic      | 5 6 7 8 11 12 13 | 13.1
Spellcasting   | 3 4 5 6 8 11 12 13 | 13.1
Dodging        | 4 5 6 |  6.7
Stealth        | |  2.0
Conjurations   | |  1.3

Action                   |  1- 3 |  4- 6 |  7- 9 | 10-12 || total
-------------------------+-------+-------+-------+-------++-------
Melee: Falchion          |       |    31 |   100 |    14 ||   145
       Unarmed           |       |     2 |       |       ||     2
       Peck              |       |    10 |    29 |     2 ||    41
       Kick              |       |     5 |    35 |    12 ||    52
 Fire: Blowgun           |       |       |       |    44 ||    44
 Cast: Shock             |    70 |    13 |       |       ||    83
       Airstrike         |       |    36 |   148 |   294 ||   478
       Swiftness         |       |       |     1 |       ||     1
       Mephitic Cloud    |       |       |       |    12 ||    12
       Lightning Bolt    |       |       |       |    17 ||    17
       Conjure Flame     |       |       |       |     6 ||     6
       Blink             |       |       |       |     1 ||     1
Invok: Divine Energy     |       |       |     1 |       ||     1
 Abil: Fly               |       |       |     4 |     9 ||    13
  Use: Scroll            |       |    10 |     5 |     9 ||    24
       Potion            |       |     4 |     2 |     7 ||    13
 Stab: Invisible         |       |       |       |     1 ||     1
  Eat: Chunk             |     2 |    11 |    35 |    31 ||    79
       Ration            |       |     1 |     2 |     3 ||     6
Armor: Robe              |     2 |     6 |    12 |     6 ||    26
       Skin              |       |       |       |     7 ||     7
Dodge: Dodged            |    12 |    32 |   101 |   104 ||   249
       Rpst.: Falchion   |       |    16 |    28 |    11 ||    55

Table legend:
 A = Spawn XP
 B = Non-spawn XP
 C = Spawn XP percentage of total XP
 D = Spawn monster count
 E = Non-spawn monster count
 F = Spawn count percentage of total count
 G = Total turns spent on level
                    A         B        C        D         E        F      G
               +---------+---------+-------+---------+---------+-------+---------
         Total |       0 |   21514 |   0.0 |       0 |     317 |   0.0 | 16862
               +---------+---------+-------+---------+---------+-------+---------
           D:1 |       0 |      26 |   0.0 |       0 |      17 |   0.0 |   790
           D:2 |       0 |      45 |   0.0 |       0 |      14 |   0.0 |  1174
           D:3 |       0 |     213 |   0.0 |       0 |      24 |   0.0 |  1192
           D:4 |       0 |    1249 |   0.0 |       0 |      39 |   0.0 |  2430
           D:5 |       0 |     501 |   0.0 |       0 |      14 |   0.0 |  1081
           D:6 |       0 |    1204 |   0.0 |       0 |      30 |   0.0 |  2074
           D:7 |       0 |    1533 |   0.0 |       0 |      24 |   0.0 |  1084
           D:8 |       0 |     915 |   0.0 |       0 |      17 |   0.0 |   689
           D:9 |       0 |    7000 |   0.0 |       0 |      41 |   0.0 |  2014
          D:10 |       0 |    4546 |   0.0 |       0 |      22 |   0.0 |  1585
          D:11 |       0 |     435 |   0.0 |       0 |       6 |   0.0 |   485
        Bailey |       0 |    3847 |   0.0 |       0 |      69 |   0.0 |  2212
               +---------+---------+-------+---------+---------+-------+---------
